 Dungeon Crawl Stone Soup version 0.22.1-6-g1668fe2c40 (webtiles) character file.

108 Revguard the Slasher (level 4, -9/34 HPs)
             Began as a Demonspawn Gladiator on Jan 19, 2019.
             Mangled by a gnoll
             ... wielding a +0 halberd
              (10 damage)
             ... on level 3 of the Dungeon.
             The game lasted 00:05:37 (1803 turns).

Revguard the Slasher (Demonspawn Gladiator)         Turns: 1803, Time: 00:05:38

Health: -9/34      AC:  9    Str: 13 (15) XL:     4   Next: 58%
Magic:  4/4        EV:  6    Int:  7 (9)  God:
Gold:   94         SH:  0    Dex: 12 (15) Spells: 3/3 levels left

rFire    . . .     SeeInvis .   a - +0 long sword
rCold    . . .     Gourm    .   (no shield)
rNeg     . . .     Faith    .   i - +0 chain mail
rPois    .         Spirit   .   c - +0 helmet
rElec    .         Reflect  .   (no cloak)
rCorr    .         Harm     .   (no gloves)
MR       .....                  (no boots)
Stlth    ..........             (no amulet)
HPRegen  0.11/turn              e - ring of flight
MPRegen  0.09/turn              (no ring)

@: no status effects
A: hooves 2
a: Evoke Flight


You were on level 3 of the Dungeon.
You were very hungry.

You visited 1 branch of the dungeon, and saw 3 of its levels.

You collected 94 gold pieces.

Inventory:

Hand Weapons
 a - a +0 long sword (weapon)
Missiles
 d - 3 throwing nets (quivered)
Armour
 b - a +0 leather armour
 c - a +0 helmet (worn)
 i - a +0 chain mail (worn)
Jewellery
 e - a ring of flight (left hand)
 j - an uncursed ring of teleportation
Scrolls
 h - a scroll of amnesia {unknown}
 k - a scroll of enchant armour {unknown}
 m - a scroll of magic mapping
 n - a scroll of identify
Potions
 g - a potion of flight
Comestibles
 f - 5 rations


   Skills:
 + Level 2.3 Fighting
 + Level 3.6 Long Blades
 - Level 1.7 Throwing
 * Level 1.9 Armour
 + Level 3.3 Dodging


You had 3 spell levels left.
You didn't know any spells.
Your spell library was empty.

Dungeon Overview and Level Annotations

Branches:
Dungeon (3/15)

Altars:
Fedhas


Innate Abilities, Weirdness & Mutations

You have hoof-like feet.


Message History

It was a potion of curing.
You feel better.
The gnoll hits you from afar with a halberd!
The gnoll hits you with a halberd.
* * * LOW HITPOINT WARNING * * *
It was a potion of degeneration.
There was something very wrong with that liquid.
You feel weakened.
You feel dopey.
You feel clumsy. The gnoll barely misses you.
The gnoll hits you with a halberd.
* * * LOW HITPOINT WARNING * * *
You slash the gnoll!
You kill the gnoll!
The gnoll hits you from afar with a halberd.
* * * LOW HITPOINT WARNING * * *
The gnoll hits you with a halberd.
* * * LOW HITPOINT WARNING * * *
Things that are here:
a halberd; a scroll labeled HESITR ACKE; a gnoll corpse Your chain mail prevents you from hitting the gnoll.
The gnoll hits you with a halberd!
You die...

# ####.# #....# #.####
#.# ###.### #.<...#
#######.###.######.#...
#.......# #..@ggr......
#.#..##.###.######..##.
#...........# #
#..#####..### #..
.....# #. ####.## #.
..# # ##.# ..#


You could see 2 gnolls and a rat.

Vanquished Creatures
  2 gnolls (D:3)
  2 adders
  A worm (D:2)
  3 leopard geckos
  3 orcs (D:3)
  6 bats
  8 goblins
  9 hobgoblins
  6 jackals
  9 kobolds
  A quokka (D:2)
  3 frilled lizards
  6 rats
59 creatures vanquished.

Notes
Turn   | Place    | Note
-------+----------+-------------------------------------------
     0 | D:1      | Revguard the Demonspawn Gladiator began the quest for the
                  | Orb.
     0 | D:1      | Reached XP level 1. HP: 16/16 MP: 1/1
   146 | D:1      | Gained mutation: You have large cloven feet. [demonic
                  | ancestry]
   146 | D:1      | Reached XP level 2. HP: 14/22 MP: 2/2
   567 | D:1      | Reached XP level 3. HP: 27/27 MP: 3/3
   630 | D:1      | Reached skill level 1 in Armour
  1481 | D:2      | Gained mutation: You have hoof-like feet. [demonic
                  | ancestry]
  1481 | D:2      | Reached XP level 4. HP: 33/33 MP: 4/4
  1639 | D:2      | Found a blossoming altar of Fedhas.
  1802 | D:3      | HP: 1/34 [gnoll/halberd (2)]
  1803 | D:3      | Mangled by a gnoll

Skill      XL: |  1  2  3 |
---------------+----------+-----
Dodging        | 3 |  3.3
Long Blades    | 3 |  3.6
Armour         | 1 |  1.9
Fighting       | |  2.3
Throwing       | |  1.7

Action                   |  1- 3 |  4- 6 || total
-------------------------+-------+-------++-------
Melee: Long sword        |   118 |    30 ||   148
       Kick              |    26 |     9 ||    35
  Use: Potion            |     1 |     2 ||     3
       Scroll            |     4 |       ||     4
  Eat: Chunk             |     1 |     1 ||     2
Armor: Leather armour    |    51 |       ||    51
       Chain mail        |       |    13 ||    13
Dodge: Dodged            |   123 |    15 ||   138
       Rpst.: Long sword |    31 |     3 ||    34
